Map: Ruins of Seras

Players

IIIIIIIIIIII (FireCake) - Winner!

  • Race: Zerg Zerg

MaSa

  • Race: Terran Terran
  • League: Master

Event: Gauntlet Monday Night

VOD

Have the link to the VOD?

Description

Time

  • Played on: Jan. 4, 2016, 12:51 p.m.
  • Length: 20:04
Show
View Real Time Build Order
Export as new Build Order

IIIIIIIIIIII Zerg - Winner!

Build Orders: Pool First, Roach Nydus 

Get SALT Encoding   

  12  0:01  Drone  
  13  0:08  Drone  
  14  0:17  Overlord  
  14  0:22  Extractor  
  14  0:23  Drone  
  17  0:35  Drone x2  
  17  0:45  Spawning Pool  
  17  0:50  Drone  
  17  0:54  Drone  
  18  1:06  Extractor  
  17  1:14  Hatchery  
  17  1:18  Drone  
  17  1:21  Drone  
  18  1:31  Queen  
  20  1:35  Zergling x2  
  20  1:39  Drone  
  22  1:48  Overlord  
  22  2:07  Queen  
  22  2:08  Drone  
  25  2:11  Drone  
  26  2:21  Drone  
  27  2:30  Drone  
  27  2:32  Drone  
  29  2:38  Drone  
  29  2:44  Zergling x6  
  29  2:47  Lair  
  32  2:56  Overlord  
  32  3:02  Drone x3  
  35  3:15  Roach Warren, Extractor x2  
  35  3:17  Drone  
  35  3:18  Drone x6  
  39  3:26  Queen  
  39  3:33  Overlord  
  41  3:45  Queen  
  41  3:52  Nydus Network  
  41  3:53  Drone x5  
  41  3:54  Overseer  
  45  3:59  Overlord  
  45  4:07  Roach x2  
  49  4:10  Overlord  
  49  4:19  Roach  
  49  4:20  Roach  
  52  4:33  Nydus Canal  
  52  4:36  Roach x3  
  58  4:42  Roach  
  62  4:45  Roach  
  61  4:53  Roach  
  61  4:55  Nydus Canal  
  61  4:57  Roach  
  64  5:00  Roach x2  
  64  5:01  Overlord  
  64  5:05  Roach  
  66  5:13  Roach x2  
  62  5:18  Roach x2  
  62  5:21  Roach, Queen  
  62  5:25  Roach  
  62  5:26  Queen  
  64  5:33  Ravager x2  
  64  5:34  Roach x2  
  60  5:43  Roach  
  60  5:50  Roach x2  
  64  6:06  Roach x3  
  64  6:17  Roach x2  
  60  6:24  Roach  
  58  6:29  Drone  
  58  6:30  Queen x2  
  59  6:35  Glial Reconstitution  
  59  6:42  Hatchery, Drone x4  
  59  6:47  Drone  
  63  6:50  Drone  
  63  6:51  Drone x2  
  63  6:52  Drone  
  63  6:53  Hatchery  
  66  6:58  Drone  
  67  7:05  Overlord  
  67  7:07  Queen  
  69  7:13  Queen  
  69  7:14  Drone x2  
  73  7:20  Evolution Chamber x2, Drone, Extractor  
  71  7:25  Overlord  
  71  7:37  Roach x2  
  75  7:46  Zerg Missile Weapons Level 1, Zerg Ground Armor Level 1  
  75  7:49  Roach x4  
  83  7:53  Queen  
  83  7:55  Overlord  
  83  8:08  Drone x4  
  83  8:09  Spire  
  83  8:12  Drone x2  
  88  8:22  Overlord x2  
  88  8:27  Overlord  
  88  8:28  Overlord x2  
  86  8:48  Drone  
  86  8:49  Drone  
  86  8:51  Roach x6  
  100  8:56  Overlord  
  100  8:57  Drone x3  
  103  9:06  Drone x3  
  103  9:07  Drone  
  103  9:09  Roach x2  
  111  9:14  Roach x3  
  117  9:28  Mutalisk x5  
  127  9:40  Mutalisk x2  
  127  9:41  Mutalisk  
  123  9:49  Roach x3  
  125  9:58  Overlord x4  
  121  10:02  Zerg Missile Weapons Level 2  
  118  10:08  Drone x2  
  120  10:14  Zerg Ground Armor Level 2  
  120  10:25  Roach x4  
  128  10:35  Mutalisk  
  128  10:36  Mutalisk x2  
  128  10:39  Drone x3  
  137  10:44  Drone x3  
  137  10:45  Drone  
  141  10:52  Zerg Flyer Weapons Level 1  
  141  10:54  Drone x2  
  141  10:56  Drone x2  
  141  11:00  Drone x3  
  144  11:06  Infestation Pit  
  143  11:22  Drone  
  143  11:25  Extractor  
  143  11:27  Overlord x2  
  143  11:28  Overlord  
  143  11:29  Overlord x2, Extractor  
  143  11:30  Overlord x2  
  143  11:32  Pneumatized Carapace  
  142  11:53  Roach x13  
  168  11:56  Drone  
  168  11:57  Drone x2  
  168  12:00  Drone x3  
  171  12:15  Drone x6  
  169  12:31  Hive  
  169  12:36  Drone x8  
  177  12:43  Metabolic Boost  
  177  12:45  Zerg Melee Weapons Level 1  
  177  12:53  Infestor x4  
  177  12:56  Drone x6  
  177  12:58  Extractor  
  190  12:59  Extractor  
  189  13:18  Drone, Overlord x2  
  189  13:19  Spine Crawler  
  189  13:20  Spine Crawler  
  188  13:36  Baneling Nest  
  188  13:38  Zergling x2  
  188  13:39  Zergling x24  
  200  13:48  Zerg Ground Armor Level 3  
  200  13:56  Ultralisk Cavern  
  200  14:01  Hatchery  
  200  14:02  Adrenal Glands  
  196  14:03  Ravager x4  
  196  14:07  Overlord x2  
  170  14:25  Roach  
  170  14:26  Roach x12  
  183  14:31  Zergling x2  
  183  14:32  Zergling x10  
  161  14:53  Chitinous Plating  
  157  15:00  Drone x2  
  157  15:01  Drone x6  
  165  15:10  Ultralisk x2  
  165  15:12  Centrifical Hooks  
  176  15:22  Zergling x14  
  176  15:25  Extractor  
  180  15:29  Extractor  
  149  15:50  Ultralisk  
  149  15:51  Ultralisk x3  
  149  15:52  Zergling x8  
  141  16:04  Zergling x2  
  141  16:05  Zergling x20  
  137  16:13  Ravager x4  
  137  16:15  Drone x6  
  138  16:26  Spire  
  138  16:27  Drone x3  
  138  16:28  Drone  
  138  16:36  Spine Crawler  
  138  16:39  Zerg Melee Weapons Level 2  
  132  16:42  Ultralisk  
  137  16:49  Spore Crawler  
  136  16:54  Drone  
  136  16:56  Drone x4  
  136  16:57  Drone  
  136  16:58  Drone x2  
  136  17:00  Zergling x10  
  140  17:08  Drone x2  
  140  17:09  Drone, Spine Crawler  
  140  17:15  Zergling x10  
  146  17:23  Baneling x3  
  146  17:24  Baneling x9  
  146  17:26  Overseer  
  146  17:39  Mutalisk  
  146  17:40  Mutalisk x4  
  147  17:54  Mutalisk x3  
  153  18:04  Drone x2  
  153  18:05  Drone x3  
  158  18:06  Mutalisk  
  158  18:07  Mutalisk x2  
  165  18:12  Zergling x2  
  165  18:13  Zergling x16  
  173  18:23  Zergling x4  
  173  18:24  Zergling x12  
  167  18:44  Mutalisk x6  
  173  18:58  Ultralisk  
  176  19:04  Zergling x2  
  176  19:05  Zergling x18  
  184  19:23  Zergling x4  
  184  19:24  Zergling x14  
  192  19:26  Baneling x6  
  192  19:27  Baneling x17  
  187  19:49  Hatchery  
Show
View Real Time Build Order
Export as new Build Order

MaSa Terran 

Build Orders: MMM Bio 

Get SALT Encoding   

  12  0:00  SCV  
  13  0:13  SCV  
  14  0:18  Supply Depot  
  14  0:25  SCV  
  15  0:39  SCV  
  15  0:41  Barracks  
  16  0:45  Refinery  
  16  0:51  SCV  
  17  1:03  SCV  
  18  1:16  SCV  
  19  1:28  Barracks Reactor  
  19  1:29  Orbital Command  
  19  1:42  Command Center  
  19  1:52  Supply Depot  
  19  1:55  SCV  
  19  1:59  Refinery  
  20  2:08  Reaper x2  
  22  2:09  SCV  
  23  2:21  SCV  
  24  2:33  SCV  
  25  2:40  Reaper x2  
  27  2:46  SCV  
  27  2:51  Factory  
  28  2:58  SCV  
  28  2:59  Command Center  
  29  3:12  Reaper x2  
  31  3:13  Orbital Command  
  31  3:17  SCV  
  32  3:30  SCV  
  32  3:43  SCV  
  32  3:48  SCV  
  34  3:51  Hellion x2, Starport  
  34  3:52  Barracks Tech Lab  
  34  3:55  SCV  
  39  4:00  SCV  
  40  4:07  SCV  
  41  4:10  Barracks  
  41  4:11  Barracks  
  41  4:13  Hellion x2, Liberator  
  41  4:14  SCV  
  47  4:24  SCV  
  47  4:26  Orbital Command  
  47  4:31  Marine  
  50  4:34  SCV  
  54  4:39  Hellion  
  54  4:41  SCV  
  54  4:45  Hellion  
  57  4:52  SCV  
  57  4:55  Stimpack  
  50  5:01  Marine x2  
  50  5:02  Marine  
  50  5:04  SCV  
  46  5:09  SCV  
  41  5:17  SCV  
  41  5:18  Marine  
  41  5:20  Marine x2  
  40  5:25  SCV  
  33  5:32  SCV x2  
  32  5:36  Marine  
  32  5:37  SCV  
  32  5:39  Marine x2  
  33  5:44  SCV  
  33  5:46  SCV  
  33  5:49  SCV  
  31  5:54  Marine  
  32  5:57  Marine x2  
  33  6:11  SCV  
  28  6:12  Marine  
  28  6:16  Marine x2  
  28  6:17  SCV  
  27  6:26  SCV  
  27  6:27  SCV  
  27  6:30  Medivac, Marine  
  27  6:31  SCV  
  33  6:34  Marine  
  33  6:38  SCV  
  36  6:44  SCV  
  36  6:47  Marine  
  36  6:51  SCV  
  36  6:52  Marine  
  39  6:58  Marine  
  39  6:59  SCV  
  39  7:01  SCV  
  42  7:05  Marine  
  42  7:07  Marine  
  44  7:09  SCV, Medivac  
  44  7:10  Marine  
  44  7:11  SCV, Refinery  
  49  7:18  Marine  
  49  7:19  Supply Depot  
  49  7:20  SCV  
  51  7:23  Marine  
  51  7:25  Combat Shields  
  52  7:30  Factory Tech Lab, SCV  
  52  7:33  Supply Depot  
  53  7:40  SCV x2, Marine x2  
  57  7:45  Supply Depot  
  57  7:47  Marine  
  58  7:54  SCV  
  58  7:55  Marine  
  58  7:56  SCV  
  58  7:58  Marine  
  62  7:59  SCV  
  63  8:06  SCV  
  63  8:08  Engineering Bay x2  
  63  8:12  SCV x2  
  64  8:13  Marine  
  64  8:18  Medivac  
  67  8:22  Marine x3  
  67  8:26  SCV x2  
  72  8:32  SCV  
  73  8:38  Terran Infantry Weapons Level 1, SCV  
  73  8:39  Terran Infantry Armor Level 1  
  74  8:44  Orbital Command  
  74  8:48  Barracks Reactor, Medivac  
  74  8:51  SCV  
  77  8:59  Supply Depot x2  
  77  9:03  SCV x2, Refinery, Siege Tank  
  77  9:09  Marine  
  82  9:10  Marine  
  82  9:11  SCV  
  82  9:14  Barracks  
  85  9:19  SCV  
  85  9:20  Barracks  
  85  9:21  Marine  
  86  9:27  Marine x4  
  86  9:30  Medivac  
  89  9:39  Marine  
  89  9:45  Marine x2  
  87  9:46  Marine  
  87  9:47  Siege Tank  
  87  9:50  SCV  
  90  9:57  SCV, Marine  
  90  9:59  Marine  
  92  10:02  SCV, Missile Turret  
  92  10:03  Marine  
  92  10:06  Marine  
  92  10:07  Armory  
  92  10:13  SCV x2  
  94  10:19  Barracks Reactor x2  
  93  10:22  SCV, Siege Tank  
  93  10:25  SCV  
  93  10:26  Missile Turret  
  93  10:28  SCV  
  99  10:29  Barracks Reactor  
  99  10:30  Marine x2  
  101  10:36  Marine  
  101  10:37  Liberator  
  101  10:38  SCV  
  101  10:41  Supply Depot  
  101  10:42  Supply Depot  
  101  10:45  Liberator  
  101  10:51  Marine x2  
  101  10:56  SCV, Supply Depot  
  101  10:57  SCV, Refinery, Terran Infantry Weapons Level 2  
  101  10:59  Refinery, Terran Infantry Armor Level 2  
  101  11:04  SCV, Supply Depot  
  101  11:05  Supply Depot, Marine x2  
  101  11:08  SCV  
  104  11:13  SCV  
  104  11:15  Marine  
  104  11:16  Marine x4  
  108  11:20  Thor  
  108  11:22  SCV  
  115  11:26  Missile Turret  
  115  11:28  Supply Depot x2  
  115  11:29  SCV  
  115  11:30  Liberator  
  115  11:31  SCV  
  115  11:32  Marine x2  
  118  11:34  Marine  
  118  11:35  Marine  
  118  11:38  Marine x3  
  123  11:42  Marine x2  
  119  11:49  SCV  
  119  11:51  Marine x2  
  119  11:52  Marine  
  123  11:54  SCV  
  123  11:55  SCV  
  123  12:05  SCV, Marine x3  
  125  12:12  Marine x2  
  125  12:13  Medivac, Marine x2  
  125  12:14  Thor  
  137  12:18  Marine  
  137  12:19  SCV x2, Marine  
  139  12:32  Liberator  
  139  12:33  SCV x2, Terran Vehicle Weapons Level 1  
  139  12:35  Liberator  
  141  12:40  Command Center, Marine x4  
  141  12:41  Marine x2  
  141  12:42  Marine  
  146  12:47  Marine  
  146  12:48  Marauder  
  146  12:58  Marine x2  
  150  13:02  Siege Tank, Sensor Tower  
  150  13:03  Marine x2  
  156  13:12  Marine x3  
  157  13:16  Terran Infantry Weapons Level 3  
  157  13:19  Terran Infantry Armor Level 3  
  157  13:26  Missile Turret  
  157  13:30  Marine  
  157  13:35  Missile Turret  
  157  13:40  Marine x6  
  163  13:42  Supply Depot  
  163  13:49  Marine x3  
  163  13:53  Liberator  
  166  13:57  Marine  
  166  14:00  Marine  
  166  14:01  Marine x4  
  172  14:07  Marine x3  
  177  14:22  Marine x2  
  177  14:23  Marine x3  
  131  14:25  Marine x2  
  131  14:26  Marine  
  131  14:27  Marine  
  120  14:40  Marine x3  
  120  14:41  Medivac, Marine x2  
  120  14:43  Marine x2  
  126  14:53  Medivac  
  126  14:54  Marine x2  
  126  14:58  Planetary Fortress, Marine  
  126  14:59  Marine  
  129  15:05  Siege Tank  
  129  15:06  Marine  
  129  15:07  Marine x2  
  133  15:08  Marine  
  133  15:12  Marauder  
  139  15:14  SCV x2  
  139  15:15  Marine  
  139  15:20  Terran Vehicle Weapons Level 2  
  141  15:30  Marine  
  141  15:31  Marine  
  141  15:34  Marauder  
  141  15:35  Marine x3  
  144  15:42  Marine  
  144  15:43  Marine x2  
  144  15:45  Liberator x2  
  144  15:48  Marine x2  
  139  15:53  Marine x3  
  139  15:55  Marauder  
  119  16:00  Marine x2  
  119  16:01  Marine  
  115  16:06  Marine x2  
  115  16:10  Siege Tank  
  115  16:11  Marine x2  
  112  16:15  Marine  
  112  16:16  Marine  
  110  16:19  Barracks  
  110  16:21  Barracks  
  110  16:24  Marine x5  
  111  16:28  Marine  
  111  16:29  Liberator  
  111  16:31  Starport  
  108  16:36  Marine x3  
  111  16:41  Marine  
  111  16:42  Marine x2  
  111  16:45  Medivac  
  111  16:47  Marine x2  
  119  16:50  Marine  
  119  16:53  Marine  
  123  16:54  Marauder  
  123  16:59  Marine x2  
  123  17:00  Marine  
  128  17:01  Marine  
  128  17:02  Siege Tank  
  128  17:06  Liberator  
  132  17:13  Command Center  
  129  17:16  Marauder  
  129  17:20  Barracks Tech Lab x2  
  129  17:21  Starport Reactor  
  129  17:22  Ghost Academy  
  133  17:31  Refinery  
  133  17:32  Refinery, Marine x6  
  133  17:33  Sensor Tower  
  139  17:37  Marine x2, Marauder  
  139  17:38  Marine  
  139  17:40  Concussive Shells  
  146  17:44  Siege Tank  
  146  17:54  Marine x3  
  146  17:55  Marine x5  
  152  17:59  Supply Depot  
  152  18:03  Ghost  
  152  18:09  Ghost  
  153  18:15  Ghost  
  153  18:23  Marine x2  
  153  18:24  Marine x2  
  155  18:28  Marine x2  
  155  18:33  Marine  
  155  18:34  Marine  
  159  18:41  Ghost, Marine  
  159  18:50  Ghost  
  159  18:51  Marine x2  
  159  18:53  Marine  
  154  19:11  Marine x2  
  154  19:12  Refinery  
  155  19:18  Siege Tank  
  148  19:35  Marine  
  148  19:36  Marine  
  152  19:39  Marine  
  152  19:40  Marine  
Tags
 
Add a new tag
Caveats
  • Supply blocks, unpowered buildings, or Contaminate may cause inaccurate times.
  • Supply counts are checked every 10 seconds.